 Dungeon Crawl Stone Soup version 0.31-a0-931-g7b59d4eb97 (webtiles) character file.

Game seed: 10975717916799222932

70 mortress the Ruffian (level 4, 0/36 HPs)
             Began as a Draconian Shapeshifter on Oct 19, 2023.
             Killed from afar by an orc wizard (7 damage)
             ... with a puff of flame
             ... on level 3 of the Dungeon on Oct 20, 2023.
             The game lasted 00:04:41 (2040 turns).

mortress the Ruffian (Draconian Shapeshifter)       Turns: 2040, Time: 00:04:41

Health: 0/36       AC:  5    Str: 18    XL:     4   Next: 3%
Magic:  4/4        EV: 12    Int: 11    God:
Gold:   85         SH:  0    Dex: 10    Spells: 3/3 levels left

rFire   . .          .
                       - Unarmed
rCold   . . .        (no shield)
rNeg    . . .        (body armour unavailable)
rPois   .            (helmet currently unavailable)
rElec   .            (cloak currently unavailable)
rCorr   .            (gloves currently unavailable)
SInv    .            (boots currently unavailable)
Will    .....        (no amulet)
Stlth   +            (no ring)
HPRegen 0.26/turn    (no ring)
MPRegen 0.09/turn

%: no passive effects
@: beast-form
A: beast (slay +1), AC +5, unfitting armour, cold-blooded
a: Begin Untransformation


You were on level 3 of the Dungeon.
You were a hulking beast.
You visited 1 branch of the dungeon, and saw 3 of its levels.

You collected 85 gold pieces.

Inventory:

Missiles
 d - 4 curare-tipped darts
 e - 5 poisoned darts
Jewellery
 l - a ring of protection from fire
Talismans
 b - a beast talisman (active)
 c - a flux talisman
Scrolls
 g - a scroll of enchant weapon {unknown}
 h - a scroll of blinking {unknown}
 i - 3 scrolls of identify {unknown}
 j - a scroll of fear {unknown}
 m - a scroll of amnesia {unknown}
 n - a scroll of teleportation {unknown}
Potions
 a - 3 potions of lignification
 f - a potion of attraction {unknown}
 k - a potion of curing {unknown}


   Skills:
 + Level 2.3 Fighting
 + Level 2.4 Dodging
 + Level 3.5 Unarmed Combat
 + Level 3.4 Shapeshifting


You had 3 spell levels left.
You didn't know any spells.
Your spell library contained the following spells:

 Spells                   Type           Power      Damage    Failure   Level
 Magic Dart               Conj           0%         1d3       34%         1
 Summon Small Mammal      Summ           0%         N/A       34%         1
 Ensorcelled Hibernation  Hex/Ice        0%         N/A       47%         2
 Passwall                 Tmut/Erth      0%         N/A       47%         2
 Searing Ray              Conj           0%         2d4       47%         2
 Call Canine Familiar     Summ           0%         N/A       71%         3
 Summon Guardian Golem    Hex/Summ       0%         N/A       71%         3
 Swiftness                Air            0%         N/A       71%         3
 Fulminant Prism          Conj/Hex       0%         3d5       98%         4


Dungeon Overview and Level Annotations

Branches:
Dungeon (3/15)

Altars:
Vehumet

Annotations:
D:3 exclusion: statue


Innate Abilities, Weirdness & Mutations

You are a hulking beast.
Your limbs bulge with bestial killing power. (Slay +1)
Your plain brown scales are hard. (AC +5)
You cannot fit into any form of body armour.
You are cold-blooded and may be slowed by cold attacks.


Message History

The orc priest shouts!
You hit the orc.
The orc is almost dead.
You hear an angry hiss.
The orc priest calls down the wrath of Beogh upon you.
Beogh smites you! The kobold misses you. The orc closely misses you.
You barely miss the orc.
Your tail-slap misses the orc.
The orc is almost dead.
An orc wizard comes into view. It is wielding a +0 dagger.
An orc comes into view. It is wielding a +0 war axe.
The kobold barely misses you. The orc hits you with a +0 club.
You hit the orc but do no damage.
The orc is almost dead.
The orc barely misses you.
A ball python comes into view.
The kobold barely misses you. The orc barely misses you.
You hit the orc but do no damage.
Your tail-slap misses the orc.
The orc is almost dead.
The kobold closely misses you. The orc hits you with a +0 short sword.
The orc barely misses you. The orc hits you with a +0 short sword.
The kobold throws a stone.
The stone barely misses you. The orc attacks as it pursues you!
The orc closely misses you. The orc hits you with a +0 club.
You enter a dispersal trap!
The orc blinks!
The kobold blinks!
The orc blinks!
The orc wizard blinks!
The ball python blinks!
The kobold blinks!
You blink.
The kobold hits you with a +0 short sword.
The orc wizard points at you and mumbles some strange words.
The magic dart hits you.
* * * LOW HITPOINT WARNING * * *
The orc wizard casts a spell at you. You resist with some effort.
The kobold throws a stone.
The stone hits you but does no damage. The orc wizard casts a spell at you.
You resist with some effort.
You enter a dispersal trap!
The kobold blinks!
The ball python blinks!
The orc blinks!
The orc priest blinks!
The orc wizard blinks!
You blink.
The orc wizard casts a spell at you. The puff of flame hits you!
You die...

........................#
......####.####.........#
......#....# #.........#
...........# #.........#
...........# #.........#
.........<.# ##.........#
...........# #...§......#
......#.#### #..o........
......#.######..h.....##.
.....†....^8§..§.........
.........#####§..o.......
..............o.§..S.....
......>.........§........
.............o...o.......
.........................
................!o......
........................


You could see an orc priest, 2 orc wizards, 3 orcs and a ball python.

Vanquished Creatures
  3 adders (D:2)
  A worm (D:2)
  A dart slug (D:1)
  5 bats
  An endoplasm (D:1)
  2 goblins
  3 hobgoblins
  5 jackals (D:1)
  3 quokkas
  4 ball pythons
  A frilled lizard (D:1)
  4 kobolds (D:1)
  3 rats
36 creatures vanquished.

Notes
Turn   | Place    | Note
-------+----------+-------------------------------------------
     0 | D:1      | mortress the Draconian Shapeshifter began the quest for the
                  | Orb.
     0 | D:1      | Reached XP level 1. HP: 16/16 MP: 1/1
   443 | D:1      | Reached XP level 2. HP: 10/23 MP: 2/2
   809 | D:1      | Reached XP level 3. HP: 29/29 MP: 3/3
  1632 | D:2      | Reached XP level 4. HP: 36/36 MP: 4/4
  1979 | D:3      | Found a radiant altar of Vehumet.
  1979 | D:3      | Noticed a charred statue
  2040 | D:3      | Killed from afar by an orc wizard

Illustrated notes

Levels and vault maps discovered:
D:1:      matt_arrival_diagonals, layout_loops_corners, lemuel_flame_loot_1
D:2:      layout_basic
D:3:      layout_basic, vehumet_statue, nicolae_ecumenical_snake_handling,
          ebering_dispersal_statue_hall

Skill      XL: |  1  2  3 |
---------------+----------+-----
Dodging        | 2 |  2.4
Fighting       | 2 |  2.3
Unarmed Combat | |  3.5
Shapeshifting  | |  3.4

Action                     |  1- 3 |  4- 6 || total
---------------------------+-------+-------++-------
  Melee: Unarmed           |   114 |    14 ||   128
         Tailslap          |    13 |       ||    13
         Punch             |     2 |       ||     2
   Stab: Sleeping          |     1 |     1 ||     2
 Armour: Skin              |    54 |    16 ||    70
  Dodge: Dodged            |    71 |    16 ||    87

Table legend: (Time is in decaauts)
 A = Elapsed time spent in this place.
 B = Non-inter-level travel time spent in this place.
 C = Inter-level travel time spent in this place.
 D = Time resting spent in this place.
 E = Time spent auto-exploring this place.
 F = Levels seen in this place.
 G = Mean time per level.
                   A        B        C        D        E       F      G
               +--------+--------+--------+--------+--------+-----+--------+
         Total |   2034 |   2021 |     13 |     32 |   1624 |   3 |  678.0 |
       Dungeon |   2034 |   2021 |     13 |     32 |   1624 |   3 |  678.0 |
               +--------+--------+--------+--------+--------+-----+--------+

Top non-repeatable levels by time:
     D:1: 1086 daAuts
     D:2: 868 daAuts
     D:3: 78 daAuts
